Map: Para Site LE

Players

Cliggity - Winner!

  • Race: Protoss Protoss
  • League: Platinum
  • Spawn Location: 5:00

wildflower

  • Race: Protoss Protoss
  • League: Diamond
  • Spawn Location: 11:00

VOD

Have the link to the VOD?

Description

Pvp Fun!

Time

  • Played on: Dec. 15, 2018, 3:11 a.m.
  • Length: 16:44
Show
View Real Time Build Order
Export as new Build Order

Cliggity Protoss - Winner!

Build Orders: Archon Immortal 

Get SALT Encoding   

  12  0:01  Probe  
  13  0:13  Probe  
  14  0:18  Pylon  
  14  0:25  Probe  
  15  0:37  Probe, Gateway  
  16  0:45  Probe  
  17  0:51  Assimilator  
  17  0:53  Probe  
  18  1:04  Assimilator  
  18  1:05  Probe  
  19  1:17  Probe  
  20  1:25  Cybernetics Core  
  20  1:37  Probe  
  20  1:45  Probe  
  22  1:55  Probe  
  22  1:59  Assimilator  
  23  2:06  Pylon  
  23  2:16  Adept  
  23  2:20  Gateway  
  23  2:22  Pylon  
  25  2:38  Probe  
  25  2:42  Adept, Warp Gate  
  28  3:03  Nexus  
  28  3:07  Sentry  
  30  3:16  Probe  
  30  3:20  Assimilator  
  30  3:26  Stalker  
  32  3:28  Probe  
  33  3:40  Probe  
  34  3:42  Stargate  
  34  3:52  Probe  
  35  4:04  Probe  
  36  4:16  Probe  
  37  4:29  Probe  
  36  4:32  Probe  
  35  4:39  Phoenix  
  35  4:40  Probe  
  35  4:41  Probe  
  39  4:50  Pylon  
  39  4:53  Probe  
  39  4:56  Robotics Facility  
  39  4:59  Gateway  
  40  5:01  Pylon  
  40  5:04  Phoenix  
  42  5:09  Stalker  
  42  5:12  Probe x2  
  46  5:20  Probe x2  
  46  5:28  Probe, Shield Battery  
  47  5:38  Stalker x2  
  49  5:46  Probe x2  
  51  5:53  Immortal  
  51  5:54  Phoenix, Probe x2  
  57  6:03  Assimilator, Probe  
  57  6:04  Probe  
  59  6:11  Stargate  
  61  6:12  Pylon  
  61  6:14  Stalker x2  
  61  6:15  Sentry  
  67  6:19  Phoenix  
  69  6:31  Warp Prism  
  71  6:36  Twilight Council  
  71  6:47  Probe  
  71  6:48  Probe  
  73  6:55  Gateway  
  73  6:57  Forge  
  73  6:59  Phoenix x2  
  77  7:25  Charge  
  77  7:27  Protoss Ground Weapons Level 1  
  77  7:36  Assimilator  
  77  7:38  Nexus  
  77  7:42  Assimilator  
  77  7:44  Pylon  
  77  7:46  Templar Archives  
  77  7:47  Pylon  
  77  7:55  Immortal  
  79  8:06  Probe x2  
  81  8:17  Stalker x4  
  81  8:18  Probe x2  
  91  8:30  Probe  
  92  8:50  Immortal  
  92  8:53  Pylon, Probe x3  
  92  8:54  Pylon  
  96  9:01  Pylon, Probe x2  
  99  9:06  High Templar x4  
  109  9:17  Archon x2  
  109  9:20  Gateway  
  109  9:40  Phoenix, Immortal  
  109  9:41  Phoenix  
  117  9:50  Gateway  
  117  9:52  Gateway  
  93  10:14  Probe x2  
  93  10:15  Probe  
  96  10:21  Immortal  
  96  10:23  High Templar  
  96  10:24  High Templar x2  
  96  10:26  Probe  
  96  10:27  Probe  
  108  10:30  Protoss Shields Level 1  
  108  10:32  Pylon  
  108  10:40  Gateway  
  108  10:41  Pylon x2  
  108  10:42  Nexus  
  108  10:43  Pylon, Zealot x2  
  108  10:45  Assimilator  
  111  10:50  Assimilator  
  111  10:51  Archon  
  111  10:53  Pylon  
  111  10:54  Zealot x2  
  105  11:10  Zealot x5  
  113  11:12  Probe x3  
  116  11:24  Probe x2  
  118  11:31  High Templar x2  
  118  11:32  High Templar x5  
  132  11:35  Archon x2  
  132  11:36  Archon  
  132  12:00  Zealot  
  134  12:10  Probe x4  
  138  12:16  Gateway  
  138  12:18  Probe x3, Gateway  
  138  12:19  Probe  
  138  12:21  Gateway  
  141  12:23  Gateway  
  141  12:24  Pylon, Zealot x2  
  141  12:25  Pylon, Zealot x6  
  141  12:26  Pylon  
  141  12:27  Probe  
  151  12:56  High Templar x4  
  151  12:57  High Templar x4  
  163  12:59  Protoss Ground Weapons Level 2  
  163  13:01  Archon x3  
  163  13:02  Archon  
  153  13:31  High Templar x4  
  153  13:32  Zealot  
  153  13:33  Zealot x7  
  177  13:36  Probe x2  
  177  13:37  Probe  
  180  13:45  Archon  
  172  14:05  Archon  
  156  14:18  High Templar x4  
  156  14:19  High Templar  
  156  14:20  Zealot x7  
  156  14:22  Archon x2  
  146  14:47  Immortal  
  146  14:50  High Templar  
  146  14:51  Zealot x4  
  146  14:52  Zealot x5  
  166  14:54  Archon  
  166  15:12  Zealot x10  
  166  15:13  Zealot  
  188  15:22  Forge  
  188  15:24  Pylon  
  188  15:25  Pylon  
  188  15:27  Immortal  
  192  15:33  Zealot x4  
  166  15:50  Zealot  
  166  15:51  Zealot  
  166  15:54  Zealot x6  
  166  15:55  Zealot  
  178  15:58  Zealot x8  
  170  16:11  Zealot x2  
  161  16:24  Zealot x5  
  161  16:25  Zealot x3  
Show
View Real Time Build Order
Export as new Build Order

wildflower Protoss 

Build Orders: 1 Gate Expand 

Get SALT Encoding   

  1  0:00  Probe  
  13  0:07  Probe  
  14  0:17  Pylon  
  14  0:20  Probe  
  15  0:35  Probe  
  16  0:38  Gateway  
  16  0:47  Probe  
  16  0:48  Assimilator  
  17  0:59  Probe  
  18  1:10  Pylon  
  18  1:11  Probe  
  18  1:17  Pylon  
  19  1:24  Probe  
  20  1:36  Probe  
  21  1:42  Nexus  
  21  1:49  Pylon  
  21  1:50  Probe  
  22  2:00  Cybernetics Core  
  22  2:02  Probe  
  23  2:20  Pylon  
  23  2:30  Pylon  
  23  2:33  Stalker  
  23  2:36  Assimilator  
  23  2:38  Probe  
  23  2:42  Assimilator  
  26  2:45  Pylon  
  26  2:51  Gateway  
  26  2:53  Pylon, Probe  
  26  2:54  Probe  
  28  3:03  Probe  
  28  3:05  Probe  
  28  3:11  Probe  
  28  3:12  Stalker  
  32  3:15  Warp Gate  
  32  3:18  Probe  
  34  3:23  Probe  
  35  3:30  Probe  
  36  3:35  Probe  
  36  3:37  Gateway  
  36  3:38  Sentry  
  39  3:42  Probe  
  39  3:47  Probe  
  41  3:54  Probe  
  38  4:07  Stalker  
  38  4:08  Stalker  
  34  4:17  Probe  
  34  4:18  Probe  
  31  4:36  Probe x2  
  33  4:47  Stargate  
  33  4:48  Probe x2  
  35  5:03  Probe x2  
  37  5:15  Probe x2  
  37  5:18  Stalker x3  
  45  5:27  Probe x2  
  45  5:39  Probe x2  
  47  5:49  Stalker  
  45  5:50  Stalker x2  
  49  5:58  Phoenix  
  49  6:03  Probe x2  
  49  6:08  Assimilator  
  51  6:17  Probe, Forge  
  51  6:18  Probe  
  51  6:21  Forge  
  53  6:25  Probe  
  53  6:26  Probe  
  53  6:28  Phoenix  
  57  6:34  Probe  
  57  6:36  Stalker x3  
  57  6:37  Probe  
  64  6:43  Probe  
  66  6:50  Protoss Ground Weapons Level 1  
  66  6:54  Protoss Ground Armor Level 1  
  65  7:22  Stalker  
  65  7:23  Stalker  
  65  7:28  Pylon  
  69  7:30  Pylon  
  69  7:31  Protoss Air Weapons Level 1  
  69  7:40  Pylon  
  69  7:43  Pylon  
  69  7:45  Twilight Council  
  69  7:46  Phoenix  
  70  8:02  Nexus  
  70  8:04  Pylon  
  70  8:07  Pylon, Stalker  
  70  8:09  Probe, Stalker  
  70  8:10  Pylon  
  70  8:11  Probe  
  75  8:13  Blink  
  76  8:31  Photon Cannon  
  76  8:33  Photon Cannon  
  76  8:38  Photon Cannon  
  76  8:41  Probe x2  
  78  8:54  Templar Archives, Probe  
  78  8:55  Probe  
  80  8:59  Stalker  
  80  9:01  Stalker  
  84  9:09  Probe, Photon Cannon  
  86  9:10  Probe  
  86  9:17  Probe  
  86  9:21  Probe  
  88  9:27  Phoenix  
  88  9:30  Protoss Shields Level 1  
  90  9:36  Stalker x2  
  94  9:47  Gateway  
  86  10:06  Probe x3  
  87  10:08  Stalker x3  
  93  10:18  Probe  
  93  10:19  Probe x2  
  93  10:21  Void Ray  
  100  10:22  Protoss Ground Weapons Level 2  
  100  10:30  Probe  
  100  10:31  Probe x2  
  100  10:32  Assimilator  
  100  10:34  Stalker x2  
  100  10:35  Stalker  
  109  10:36  Assimilator  
  109  10:43  Gateway  
  87  11:12  Stalker x3  
  87  11:13  Stalker  
  87  11:16  Void Ray  
  87  11:17  Charge  
  99  11:20  Probe x3  
  102  11:32  Probe  
  103  11:38  Gateway  
  103  11:39  Gateway  
  103  11:41  Nexus  
  103  11:42  Gateway  
  103  11:44  Pylon  
  100  11:50  High Templar x5  
  107  11:56  Probe x3  
  110  12:03  Photon Cannon  
  110  12:06  Archon x2  
  110  12:08  Probe  
  111  12:10  Psionic Storm, Void Ray  
  115  12:15  Photon Cannon  
  115  12:18  Pylon  
  115  12:19  Protoss Ground Armor Level 2  
  115  12:25  Pylon  
  109  12:53  Stalker x2  
  109  12:54  Stalker, Zealot  
  109  12:55  Zealot x2  
  109  12:56  Zealot x2  
  118  13:12  Probe x3  
  118  13:13  Probe  
  118  13:18  Stalker x2  
  118  13:19  Stalker x2  
  127  13:24  Probe  
  124  13:41  Probe x4  
  127  13:42  High Templar x3  
  127  13:43  High Templar x4  
  83  14:33  Zealot x5  
  83  14:34  Zealot x3  
  89  14:57  Zealot x5  
  89  14:58  Zealot  
  89  14:59  Probe  
  102  15:20  Probe, Nexus  
Tags
 
Add a new tag
Caveats
  • Supply blocks, unpowered buildings, or Contaminate may cause inaccurate times.
  • Supply counts are checked every 10 seconds.